 Dungeon Crawl Stone Soup version 0.31-a0-150-g89dc3ad700 (webtiles) character file.

Game seed: 5686142839233652101

100 iguanaiguana the Sneak (level 4, 0/26 HPs)
             Began as a Deep Elf Delver on June 9, 2023.
             Was a Follower of Hepliaklqana.
             Slain by an orc priest
             ... wielding a +0 flail
              (7 damage)
             ... on level 3 of the Dungeon.
             The game lasted 00:06:15 (2233 turns).

iguanaiguana the Sneak (Deep Elf Delver)            Turns: 2233, Time: 00:06:16

Health: 0/26       AC:  4    Str:  9    XL:     4   Next: 46%
Magic:  6/6        EV: 12    Int: 15    God:    Hepliaklqana [*.....]
Gold:   134        SH:  0    Dex: 18    Spells: 3/3 levels left

rFire   . . .        k - +0 dagger (venom)
rCold   . . .        (no shield)
rNeg    . . .        b - +0 leather armour
rPois   .            (no helmet)
rElec   .            (no cloak)
rCorr   .            (no gloves)
SInv    .            g - +0 pair of boots
Will    .....        (no amulet)
Stlth   +++          (no ring)
HPRegen 0.24/turn    (no ring)
MPRegen 0.10/turn

%: no passive effects
@: no status effects
A: reduced essence
a: Renounce Religion, Recall Ancestor, Ancestor Identity


You were on level 3 of the Dungeon.
You worshipped Hepliaklqana.
Hepliaklqana was aware of your devotion.
You visited 1 branch of the dungeon, and saw 6 of its levels.

You collected 134 gold pieces.

Inventory:

Hand Weapons
 a - a +0 short sword
 k - a +0 dagger of venom (weapon)
Missiles
 j - 9 poisoned darts
Armour
 b - a +0 leather armour (worn)
 g - a +0 pair of boots (worn)
Jewellery
 h - a ring of ice
 n - a ring of ice
Scrolls
 c - a scroll of fog
 e - a scroll of fear
 o - a scroll of blinking {unknown}
 p - a scroll of identify {unknown}
 q - a scroll of vulnerability {unknown}
Potions
 d - a potion of invisibility {unknown}
 f - a potion of haste {@q4}
 i - a potion of mutation {unknown}
 l - a potion of ambrosia {unknown}
 m - 2 potions of curing {@q1}


   Skills:
 + Level 3.9 Fighting
 - Level 3.0 Short Blades
 - Level 2.4 Dodging
 - Level 6.0 Stealth


You had 3 spell levels left.
You didn't know any spells.
Your spell library contained the following spells:

 Spells                   Type           Power      Damage    Failure   Level
 Scorch                   Fire           0%         2d5       50%         2
 Flame Wave               Conj/Fire      0%         2d4       98%         4
 Summon Cactus Giant      Summ           0%         N/A       100%        6


Dungeon Overview and Level Annotations

Branches:
Dungeon (6/15) Zot: 25250  Temple (0/1) D:4

Altars:
Hepliaklqana
Xom

Shops:
D:5 (

Annotations:
D:5 exclusions: black bear, orc, sleepcap and ufetubus


Message History

Something hits Arsinoe!
Arsinoe is destroyed!
You barely miss the orc.
The orc is moderately wounded.
You hit the orc.
The orc is poisoned.
The orc is heavily wounded.
You hit the orc but do no damage.
The orc looks as sick as possible!
The orc is heavily wounded.
The orc attacks as you move away! The orc hits you with a +0 club.
You kill the orc!
You hit the orc priest but do no damage.
The orc priest is poisoned.
The orc priest hits you with a +0 flail.
You hit the orc priest but do no damage.
The orc priest hits you with a +0 flail.
* * * LOW HITPOINT WARNING * * *
You hit the orc priest but do no damage.
The orc priest looks even sicker.
The orc priest hits you with a +0 flail.
* * * LOW HITPOINT WARNING * * *
It was a potion of curing.
You feel better.
The orc priest hits you with a +0 flail.
You hit the orc priest but do no damage.
The orc priest looks as sick as possible!
The orc priest is lightly wounded.
You closely miss the orc priest.
The orc priest is moderately wounded.
You hit the orc priest.
The orc priest looks as sick as possible!
The orc priest is heavily wounded.
The orc priest hits you with a +0 flail.
You hit the orc priest but do no damage.
The orc priest looks as sick as possible!
The orc priest is severely wounded.
The orc priest hits you with a +0 flail!
* * * LOW HITPOINT WARNING * * *
You closely miss the orc priest.
The orc priest is almost dead.
The orc priest hits you with a +0 flail!
You die...

. o. ... ....
.....
#####......
###...o......
#>.o#########
#..#@......#
#......###.#
#..).......####
####.#.#####..
#.#.#...#.#
#.#.....#.#
#.#.......###
#.#..#......#
#....#....#.#


You could see an orc priest (extremely poisoned).

Vanquished Creatures
  2 adders
  3 worms (D:2)
  A dart slug (D:2)
  2 orcs
  3 ball pythons (D:1)
  4 endoplasms
  10 giant cockroaches
  3 goblins
  4 hobgoblins
  4 quokkas
  5 bats
  5 frilled lizards
  9 kobolds
  2 rats
57 creatures vanquished.

Vanquished Creatures (collateral kills)
  An endoplasm (D:2)
  2 giant cockroaches (D:2)
3 creatures vanquished.

Vanquished Creatures (others)
  An ancestor (D:3)
1 creature vanquished.

Grand Total: 61 creatures vanquished

Notes
Turn   | Place    | Note
-------+----------+-------------------------------------------
     0 | D:5      | iguanaiguana the Deep Elf Delver began the quest for the
                  | Orb.
     0 | D:5      | Reached XP level 1. HP: 13/13 MP: 3/3
     1 | D:6      | Noticed a scorpion
    93 | D:5      | Noticed a sleepcap
   181 | D:5      | Found a shimmering altar of Xom.
   209 | D:5      | Noticed a black bear
   243 | D:5      | Found a hazy altar of Hepliaklqana.
   247 | D:5      | Became a worshipper of Hepliaklqana the Forgotten
   343 | D:4      | Reached XP level 2. HP: 18/18 MP: 4/4
   719 | D:1      | Reached XP level 3. HP: 22/22 MP: 5/5
  1388 | D:1      | Reached * piety under Hepliaklqana
  1630 | D:2      | Reached XP level 4. HP: 25/25 MP: 6/6
  2233 | D:3      | Slain by an orc priest

Illustrated notes

Levels and vault maps discovered:
D:1:      spicycebolla_green_bress_n_ham_2, layout_basic
D:2:      minmay_roachtagon, layout_loops_ring, grunt_decor_clamped
D:3:      layout_basic, kennysheep_boxes
D:4:      layout_gridville, temple_hall
D:5:      layout_loops_corners, nicolae_overflow_quartered_altars, serial_shops,
          shop, chequers_serial_rivers_room_b, uniq_pikel
D:6:      layout_basic, serial_shops, shop

Skill      XL: |  1  2  3 |
---------------+----------+-----
Short Blades   | 3 |  3.0
Fighting       | 3 |  3.9
Dodging        | |  2.4
Stealth        | |  6.0

Action                     |  1- 3 |  4- 6 || total
---------------------------+-------+-------++-------
  Melee: Short sword       |    55 |       ||    55
         Dagger            |    48 |    49 ||    97
         Punch             |     1 |       ||     1
  Evoke: Wand              |     3 |       ||     3
    Use: Scroll            |     2 |       ||     2
         Potion            |       |     1 ||     1
   Stab: Sleeping          |    20 |     4 ||    24
         Distracted        |       |     1 ||     1
 Armour: Leather armour    |    16 |    10 ||    26
  Dodge: Dodged            |    38 |    20 ||    58

Table legend: (Time is in decaauts)
 A = Elapsed time spent in this place.
 B = Non-inter-level travel time spent in this place.
 C = Inter-level travel time spent in this place.
 D = Time resting spent in this place.
 E = Time spent auto-exploring this place.
 F = Levels seen in this place.
 G = Mean time per level.
                   A        B        C        D        E       F      G
               +--------+--------+--------+--------+--------+-----+--------+
         Total |   2211 |   2117 |     94 |     99 |   1443 |   6 |  368.5 |
       Dungeon |   2211 |   2117 |     94 |     99 |   1443 |   6 |  368.5 |
               +--------+--------+--------+--------+--------+-----+--------+

Top non-repeatable levels by time:
     D:1: 968 daAuts
     D:2: 809 daAuts
     D:5: 317 daAuts
     D:3: 76 daAuts
     D:4: 37 daAuts
     D:6: 1 daAuts
